cohdb
Replays
Latest Replays
All Replays
Popular Replays
Top Player Replays
Match Explorer
How It Works
Community
CoH3 Stats
Reddit
Sign in to upload your games and track your stats! →
Sign in with Steam
Match 42905387
Unlisted
Match 42905387
Overview
Messages
Build Orders
End
Construct Infanterie Kompanie
Selects Breakthrough Battlegroup
Selects Breakthrough Battlegroup
Selects Assault Grenadiers
Grenadier Squad
MG 42 Machine Gun Team
Grenadier Squad
Medical Station
Selects Rapid Production
MG 42 Machine Gun Team
Infanterie Officer Quarters
Selects Smoke Bombing Run
Sniper
GrW 34 Mortar Team
Construct Panzergrenadier Kompanie
Selects Incendiary Bombing Run
Selects Mechanized Assault Group
Support Elements
Grenadier Squad
251 Medium Carrier
StuG III G Assault Gun
Grenadier Squad
Selects Blitzkrieg
Pioneer Squad
StuG III G Assault Gun
Pak 40 Anti-tank Gun Team
MG 42 Machine Gun Team
Selects Panzer IV Command Tank Sd.Kfz. 161/1
Construct Panzer Kompanie
alanboy18
d122001765
瓜子君
TidaL
旧日支配者
Solideres
0
0
Comments
sign in to comment!
No comments posted yet!